 Dungeon Crawl Stone Soup version 0.21-a0-88-g13b9641 (webtiles) character file.

95 Doomer the Digger (level 4, -1/30 HPs)
             Began as a Formicid Earth Elementalist on June 27, 2017.
             Was an Initiate of Wu Jian.
             Hit by a stone thrown by a hobgoblin (3 damage)
             ... on level 3 of the Dungeon.
             The game lasted 00:09:19 (2281 turns).

Doomer the Digger (Formicid Earth Elementalist)     Turns: 2281, Time: 00:09:21

Health: -1/30      AC:  2    Str: 14    XL:     4   Next: 95%
Magic:  6/8        EV: 12    Int: 14    God:    Wu Jian [......]
Gold:   132        SH:  0    Dex: 11    Spells: 5/8 levels left

rFire    . . .     SeeInvis +     - Unarmed
rCold    . . .     Gourm    .   (no shield)
rNeg     . . .     Faith    .   c - +0 robe
rPois    .         Spirit   .   (helmet unavailable)
rElec    .         Reflect  .   o - scarf {cloud immunity}
rCorr    .         Harm     .   (no gloves)
MR       .....                  (no boots)
Stlth    ++........             (no amulet)
HPRegen  0.10/turn              (no ring)
MPRegen  0.11/turn              (no ring)

@: lethally poisoned (-1 -> -14)
A: permanent stasis, dig shafts and tunnels, four strong arms, antennae 3
a: Dig, Shaft Self, Renounce Religion


You were on level 3 of the Dungeon.
You worshipped Wu Jian.
Wu Jian was noncommittal.
You were not hungry.

You visited 1 branch of the dungeon, and saw 3 of its levels.

You collected 132 gold pieces.

Inventory:

Missiles
 b - 40 stones (quivered)
Armour
 c - a +0 robe (worn)
 o - a scarf of cloud immunity (worn)
Scrolls
 g - 2 scrolls of immolation {unknown}
 i - 2 scrolls of identify {unknown}
 l - a scroll of fog {unknown}
 m - a scroll of random uselessness {unknown}
 n - a scroll of fear
 p - a scroll of noise {unknown}
 r - a scroll of blinking {unknown}
Potions
 f - a potion of flight {unknown}
 h - a potion of haste {unknown}
 j - 2 potions of berserk rage {unknown}
 q - 2 potions of heal wounds
Books
 e - a book of Geomancy

   Spells                             Type                      Level
   a - Sandblast                      Earth                        1
   b - Passwall                       Transmutation/Earth          2
   c - Stone Arrow                    Conjuration/Earth            3
   d - Petrify                        Transmutation/Earth          4
   e - Lee's Rapid Deconstruction     Earth                        5
Comestibles
 a - 7 fruits
 d - 3 bread rations
 k - 2 meat rations


   Skills:
 + Level 2.0 Dodging
 + Level 2.7 Stealth
 + Level 1.3 Unarmed Combat
 + Level 2.8 Spellcasting
 + Level 1.1 Transmutations
 + Level 5.2 Earth Magic


You had 5 spell levels left.
You knew the following spells:

 Your Spells              Type           Power        Failure   Level  Hunger
a - Sandblast             Erth           ###...       2%          1    #......
b - Passwall              Tmut/Erth      ##........   9%          2    ##.....


Dungeon Overview and Level Annotations

Branches:
Dungeon (3/15)

Altars:
Sif Muna
Wu Jian


Innate Abilities, Weirdness & Mutations

You cannot be hasted, slowed, berserked, paralysed or teleported.
You can dig through walls and to a lower floor.
Your four strong arms can wield two-handed weapons with a shield.
You have a pair of large antennae on your head. (SInv)


Message History

Press: ? - help, Shift-Dir - straight line, f/p - hobgoblin
Aim: a hobgoblin, wielding a club and wearing a ring mail (almost dead)
The blast of sand hits the worker ant.
The worker ant is severely wounded.
b - 41 stones
* * * LOW HITPOINT WARNING * * *
You feel sick. The worker ant bites you.
* * * LOW HITPOINT WARNING * * *
Casting: Sandblast
Confirm with . or Enter, or press ? or * to list all spells.
Aiming: Sandblast
Press: ? - help, Shift-Dir - straight line, f - worker ant, p - hobgoblin
Aim: a worker ant (severely wounded)
The blast of sand hits the worker ant.
You kill the worker ant!
The Council accepts your kill.
b - 40 stones
* * * LOW HITPOINT WARNING * * *
You feel sick.
The hobgoblin throws a stone.
The stone hits you.
You die...

#..##### #..#... {
#..'. #..# ...#
#()## #...###
#...#{ .......
#g#.# { #..>.###
#†#.#######....#
#@#..#.[.#.....#
#.##.##.##....#
#.##..#'#..##.####
#.###.....#.......
#.#########.......
#...............†.
###########.....).
#....... #.......


You could see a hobgoblin.

Vanquished Creatures
  A worker ant (D:3)
  2 adders (D:2)
  2 worms (D:2)
  A dart slug (D:2)
  2 orcs (D:3)
  A ball python (D:3)
  5 bats
  2 giant cockroaches
  7 goblins
  3 hobgoblins
  A jackal (D:3)
  7 kobolds
  3 frilled lizards
  2 rats (D:1)
39 creatures vanquished.

Notes
Turn   | Place    | Note
-------+----------+-------------------------------------------
     0 | D:1      | Doomer the Formicid Earth Elementalist began the quest for the Orb.
     0 | D:1      | Reached XP level 1. HP: 13/13 MP: 3/3
   269 | D:1      | Reached skill level 4 in Earth Magic
   342 | D:1      | Reached XP level 2. HP: 19/19 MP: 3/5
   346 | D:1      | Learned a level 2 spell: Passwall
  1093 | D:2      | Reached XP level 3. HP: 20/24 MP: 6/6
  1447 | D:2      | Found an ornate altar of the Wu Jian Council.
  1455 | D:2      | Became a worshipper of the Wu Jian Council
  1605 | D:2      | Reached skill level 1 in Unarmed Combat
  1605 | D:2      | Reached XP level 4. HP: 30/30 MP: 1/7
  1699 | D:2      | Found a deep blue altar of Sif Muna.
  1835 | D:3      | Reached skill level 5 in Earth Magic
  2281 | D:3      | Hit by a stone thrown by a hobgoblin

Vault maps used:
D:1:      ncdulo_wetmaze
D:2:      old_standard_altar, first_bread, led_sif_pool
D:3:      minmay_divided_ellipse, uniq_ijyb

Skill      XL: |  1  2  3  4 |
---------------+-------------+-----
Earth Magic    | 4 5 |  5.2
Dodging        | 2 |  2.0
Unarmed Combat | 1 |  1.3
Stealth        | |  2.7
Spellcasting   | |  2.8
Transmutations | |  1.1

Action                   |  1- 3 |  4- 6 || total
-------------------------+-------+-------++-------
Melee: Unarmed           |    40 |    44 ||    84
 Cast: Sandblast         |    34 |    16 ||    50
 Abil: Dig               |     1 |       ||     1
  Use: Scroll            |       |     1 ||     1
 Stab: Sleeping          |     1 |       ||     1
  Eat: Chunk             |     1 |       ||     1
       Bread ration      |     1 |       ||     1
       Fruit             |     1 |       ||     1
Armor: Robe              |     4 |     2 ||     6
Dodge: Dodged            |    21 |    23 ||    44
